 Dungeon Crawl Stone Soup version 0.21-a0-444-g29a2fec (webtiles) character file.

49 Laiders the Conjurer (level 3, 0/19 HPs)
             Began as a Tengu Wizard on Nov 17, 2017.
             Killed from afar by Ijyb (15 damage)
             ... with a wand of lightning (?/15)
             ... on level 3 of the Dungeon.
             The game lasted 00:06:05 (1795 turns).

Laiders the Conjurer (Tengu Wizard)                 Turns: 1795, Time: 00:06:06

Health: 0/19       AC:  2    Str:  7    XL:     3   Next: 75%
Magic:  3/8        EV: 11    Int: 19    God:
Gold:   80         SH:  3    Dex: 12    Spells: 3/8 levels left

rFire    . . .     SeeInvis .   m - +1 short sword
rCold    . . .     Gourm    .   g - +0 buckler
rNeg     . . .     Faith    .   a - +0 robe
rPois    .         Spirit   .   b - +0 hat
rElec    .         Reflect  .   (no cloak)
rCorr    .         Harm     .   (no gloves)
MR       .....                  (boots unavailable)
Stlth    ++........             (no amulet)
HPRegen  0.06/turn              (no ring)
MPRegen  0.11/turn              (no ring)

@: very slightly contaminated
A: beak, talons 3
a: no special abilities


You were on level 3 of the Dungeon.
You were not hungry.

You visited 1 branch of the dungeon, and saw 3 of its levels.

You collected 80 gold pieces.

Inventory:

Hand Weapons
 m - a +1 short sword (weapon)
Armour
 a - a +0 robe (worn)
 b - a +0 hat (worn)
 g - a +0 buckler (worn)
Scrolls
 e - 2 scrolls of enchant weapon
 f - a scroll of identify
 i - a scroll of blinking {unknown}
 n - a scroll of random uselessness {unknown}
 o - a scroll of immolation {unknown}
Potions
 h - a potion of might
Books
 c - a book of Minor Magic

   Spells                             Type                      Level
   a - Magic Dart                     Conjuration                  1
   b - Blink                          Translocation                2
   c - Call Imp                       Summoning                    2
   d - Slow                           Hexes                        2
   e - Conjure Flame                  Conjuration/Fire             3
   f - Mephitic Cloud                 Conjuration/Poison/Air       3
Comestibles
 d - a bread ration


   Skills:
 - Level 2.1 Dodging
 - Level 2.0 Stealth
 + Level 3.4 Spellcasting
 + Level 3.9 Conjurations
 - Level 1.2 Summonings
 - Level 0.7 Translocations


You had 3 spell levels left.
You knew the following spells:

 Your Spells              Type           Power        Failure   Level  Hunger
a - Magic Dart            Conj           ###.         4%          1    None
b - Call Imp              Summ           #.......     22%         2    ##.....
c - Blink                 Tloc           N/A          26%         2    ##.....


Dungeon Overview and Level Annotations

Branches:
Dungeon (3/15)

Altars:

Annotations:
D:3 Ijyb


Innate Abilities, Weirdness & Mutations

You have a beak for a mouth.
You have claws for feet.


Message History

Ijyb is moderately wounded.
Ijyb screams, "Die!"
Casting: Magic Dart
Confirm with . or Enter, or press ? or * to list all spells.
Aiming: Magic Dart
Press: ? - help, Shift-Dir - straight line, f/p - Ijyb
Aim: Ijyb, wielding an enchanted club and wearing a chain mail (moderately wounded)
You miscast Magic Dart.
You are very lightly contaminated with residual magic.
You are momentarily dazzled by a flash of light!
Casting: Magic Dart
Confirm with . or Enter, or press ? or * to list all spells.
Aiming: Magic Dart
Press: ? - help, Shift-Dir - straight line, f/p - Ijyb
Aim: Ijyb, wielding an enchanted club and wearing a chain mail (moderately wounded)
The magic dart hits Ijyb.
Ijyb is moderately wounded.
Ijyb zaps a wand.
The bolt of lightning hits you!
Ouch! That really hurt!
You die...

.# #.. #.# #?#
#.# #g#
...#####.#
........@.#
#...#####.#
#.. ###.### ..
#.%...#
#.##.###.###.#
#..(# #.....#
#.##.###.#####
#. #...รท<# #
###.###


You could see Ijyb.

Vanquished Creatures
  2 adders (D:2)
  A worm (D:3)
  A leopard gecko (D:1)
  A giant cockroach (D:3)
  4 goblins (D:1)
  3 hobgoblins
  2 jackals (D:1)
  A ball python (D:2)
  3 bats
  4 frilled lizards
  3 kobolds
  3 rats (D:1)
28 creatures vanquished.

Notes
Turn   | Place    | Note
-------+----------+-------------------------------------------
     0 | D:1      | Laiders the Tengu Wizard began the quest for the Orb.
     0 | D:1      | Reached XP level 1. HP: 10/10 MP: 5/5
     6 | D:1      | Noticed a killer bee
     6 | D:1      | Noticed a polar bear
     6 | D:1      | Noticed a rime drake
     7 | D:1      | Noticed a hog
   320 | D:1      | Reached XP level 2. HP: 15/15 MP: 4/7
   359 | D:1      | Upgraded the game from 0.21-a0-442-g848f44b to 0.21-a0-444-g29a2fec
   362 | D:1      | Learned a level 2 spell: Call Imp
   365 | D:1      | Learned a level 2 spell: Blink
  1121 | D:2      | Reached XP level 3. HP: 5/19 MP: 4/8
  1790 | D:3      | Noticed Ijyb
  1795 | D:3      | Killed from afar by Ijyb

Vault maps used:
D:1:      onia_arrival_zoo_common, palyth_stone_intersect
D:2:      serial_bayou, serial_bayou_pond_d, serial_bayou_pond_a,
          serial_bayou_pond_a, serial_bayou_lagoon_a, lemuel_statue_altar,
          uniq_sigmund
D:3:      minitemple, led_sif_book, uniq_ijyb

Skill      XL: |  1  2 |
---------------+-------+-----
Conjurations   | 2 3 |  3.9
Dodging        | |  2.1
Stealth        | |  2.0
Spellcasting   | |  3.4
Summonings     | |  1.2
Translocations | |  0.7

Action                   || total
-------------------------++-------
Melee: Club              ||     2
       Peck              ||     2
       Kick              ||     1
       Dagger            ||     5
       Short sword       ||     8
 Cast: Magic Dart        ||    68
  Use: Potion            ||     3
       Scroll            ||     2
 Stab: Invisible         ||     1
       Sleeping          ||     1
  Eat: Chunk             ||     3
Armor: Skin              ||     8
       Robe              ||     4
Dodge: Dodged            ||    17
Block: Buckler           ||     6

Table legend:
 A = Spawn XP
 B = Non-spawn XP
 C = Spawn XP percentage of total XP
 D = Spawn monster count
 E = Non-spawn monster count
 F = Spawn count percentage of total count
 G = Total turns spent on level
                    A         B        C        D         E        F      G
               +---------+---------+-------+---------+---------+-------+---------
         Total |       0 |      70 |   0.0 |       0 |      28 |   0.0 |  1795
               +---------+---------+-------+---------+---------+-------+---------
           D:1 |       0 |      26 |   0.0 |       0 |      17 |   0.0 |  1060
           D:2 |       0 |      34 |   0.0 |       0 |       7 |   0.0 |   450
           D:3 |       0 |      10 |   0.0 |       0 |       4 |   0.0 |   285
               +---------+---------+-------+---------+---------+-------+---------
